Map: Tokamak LE

Players

MultiLine - Winner!

  • Race: Protoss Protoss
  • League: Master
  • Spawn Location: 7:00

ManlyManMeat

  • Race: Zerg Zerg
  • League: Diamond
  • Spawn Location: 1:00

VOD

Have the link to the VOD?

Description

Time

  • Played on: June 22, 2025, 10:15 a.m.
  • Length: 8:10
Show
View Real Time Build Order
Export as new Build Order

MultiLine Protoss - Winner!

Build Orders: 1 Gate Expand, Zealot Archon 

Get SALT Encoding   

  12  0:01  Probe  
  13  0:13  Probe  
  14  0:20  Pylon  
  14  0:25  Probe  
  15  0:35  Probe  
  15  0:39  Gateway  
  16  0:43  Probe  
  16  0:48  Assimilator  
  17  0:52  Probe  
  18  1:04  Probe  
  19  1:21  Probe  
  20  1:27  Nexus  
  20  1:38  Cybernetics Core  
  20  1:43  Probe  
  21  1:49  Assimilator  
  21  1:56  Probe  
  21  1:58  Pylon  
  22  2:06  Adept  
  22  2:09  Probe  
  23  2:17  Probe  
  26  2:25  Probe  
  27  2:36  Adept  
  29  2:37  Probe  
  29  2:41  Stargate  
  30  2:53  Probe x2  
  30  2:54  Warp Gate  
  32  3:05  Probe  
  33  3:10  Probe  
  34  3:17  Probe  
  35  3:22  Probe  
  35  3:23  Void Ray  
  36  3:29  Probe  
  36  3:33  Pylon  
  42  3:34  Probe  
  42  3:40  Probe  
  42  3:42  Probe  
  42  3:44  Gateway  
  42  3:48  Probe  
  44  3:50  Probe  
  46  3:56  Probe  
  46  4:01  Oracle  
  50  4:05  Nexus  
  50  4:06  Pylon  
  50  4:14  Probe x2  
  52  4:21  Robotics Facility  
  52  4:25  Twilight Council  
  52  4:26  Probe x2  
  54  4:38  Probe x2  
  56  4:45  Charge  
  56  4:46  Gateway  
  56  4:50  Pylon, Probe x2  
  58  5:00  Assimilator  
  58  5:02  Probe  
  58  5:04  Assimilator  
  58  5:05  Gateway  
  58  5:06  Gateway  
  59  5:07  Gateway  
  59  5:12  Warp Prism  
  61  5:17  Probe x2  
  61  5:18  Probe  
  64  5:28  Pylon  
  64  5:29  Probe x2  
  64  5:34  Templar Archives  
  64  5:35  Gateway  
  66  5:36  Gateway  
  66  5:38  Gateway  
  66  5:44  Pylon  
  66  5:48  Probe x3  
  69  5:53  Zealot x3  
  65  6:01  Stalker  
  53  6:12  Probe  
  53  6:13  Probe x2  
  56  6:21  Zealot x3  
  56  6:22  Zealot  
  56  6:24  Probe  
  56  6:25  Probe x2  
  67  6:32  High Templar x2  
  71  6:33  High Templar  
  71  6:36  Probe  
  71  6:37  Probe x2  
  74  6:40  Archon, High Templar  
  74  6:45  Archon  
  70  6:47  Zealot x4  
  70  6:51  Zealot  
  80  7:06  Stalker  
  80  7:07  Zealot x2  
  80  7:08  Zealot x3  
  84  7:14  Adept x2  
  81  7:34  Stalker  
  76  7:39  Zealot x2  
  68  7:54  Probe  
  68  7:55  Probe  
Show
View Real Time Build Order
Export as new Build Order

ManlyManMeat Zerg 

Build Orders: Hatch First 

Get SALT Encoding   

  12  0:00  Drone  
  13  0:09  Drone  
  14  0:15  Extractor  
  14  0:16  Drone  
  15  0:21  Overlord  
  15  0:41  Drone  
  16  0:48  Hatchery  
  15  0:51  Drone  
  15  0:56  Drone  
  17  0:59  Drone  
  18  1:17  Extractor, Spawning Pool  
  16  1:19  Drone  
  17  1:27  Drone x2  
  19  1:37  Drone  
  20  2:03  Queen x2  
  20  2:05  Zergling x4  
  20  2:08  Overlord  
  26  2:17  Drone  
  26  2:18  Drone  
  28  2:24  Metabolic Boost  
  28  2:27  Drone x2  
  30  2:35  Drone x2  
  32  2:51  Drone x2  
  34  2:55  Hatchery  
  33  3:01  Zergling x2  
  33  3:02  Zergling x2  
  34  3:13  Drone x2  
  34  3:14  Overlord x2  
  35  3:35  Drone x6  
  41  3:52  Drone x3  
  41  3:53  Drone x3  
  47  4:00  Queen  
  47  4:01  Extractor  
  47  4:02  Baneling Nest, Queen  
  47  4:07  Queen  
  51  4:11  Drone x3  
  54  4:20  Spore Crawler  
  54  4:21  Spore Crawler  
  54  4:23  Overlord, Spore Crawler  
  54  4:24  Overlord  
  51  4:33  Evolution Chamber  
  50  4:46  Lair  
  50  4:54  Zergling x2  
  50  4:55  Zergling x26  
  50  4:59  Zerg Melee Weapons Level 1  
  63  5:17  Baneling x3  
  63  5:18  Baneling x2  
  62  5:28  Drone x3  
  65  5:29  Overlord x4  
  65  5:41  Overlord x3  
  65  5:44  Centrifugal Hooks  
  53  6:14  Zergling x40  
  71  6:23  Extractor  
  71  6:24  Extractor  
  69  6:39  Hatchery  
  65  6:43  Baneling  
  63  6:51  Zergling x32  
  63  6:52  Zergling x2  
  80  6:58  Queen x3  
  86  7:05  Zergling x6  
  73  7:17  Zergling x14  
  71  7:25  Baneling x8  
Tags
 
Add a new tag
Caveats
  • Supply blocks, unpowered buildings, or Contaminate may cause inaccurate times.
  • Supply counts are checked every 10 seconds.